 Dungeon Crawl Stone Soup version 0.19.5 (webtiles) character file.

95860 Locuples the Imperceptible (level 15, -1/108 HPs)
             Began as a Demonspawn Assassin on Apr 25, 2017.
             Was the Champion of Dithmenos.
             Succumbed to jurikolo's ghost's poison
             ... on level 2 of the Spider Nest on Apr 28, 2017.
             The game lasted 01:50:15 (26688 turns).

Locuples the Imperceptible (Demonspawn Assassin)   Turns: 26688, Time: 01:50:16

Health: -1/108     AC: 17    Str: 10    XL:     15   Next: 67%
Magic:  13/13      EV: 23    Int: 15    God:    Dithmenos [******]
Gold:   1164       SH:  0    Dex: 26    Spells: 0 memorised, 14 levels left

rFire  + . .     SeeInvis .     v - +3 short sword (venom)
rCold  + + .     Gourm    .     r - +5 robe of Axkaqe {rElec rN+ MR+ Str-3}
rNeg   + . .     Faith    .     (no shield)
rPois  .         Spirit   .     p - +1 hat
rElec  +         Reflect  .     c - +1 cloak
rCorr  .         Harm     .     k - +2 pair of gloves
MR     ++++.     Clarity  +     Z - +2 pair of boots
Stlth  ++++++++++               T - amulet of rage
                                L - ring of protection from fire
                                u - ring of stealth

@: agile, lethally poisoned (-1 -> -55), wreathed by umbra, studying Long Blades
A: horns 1, talons 1, thin skeletal structure 2, camouflage 1, blink, clarity,
clever 1, cold resistance 2, low mp 1, magic resistance 2, nightstalker 2, sense
surroundings 1, spiny 3, weak 1
a: Blink, Shadow Step, Shadow Form, Renounce Religion, Evoke Berserk Rage


You were on level 2 of the Spider Nest.
You worshipped Dithmenos.
Dithmenos was exalted by your worship.
You were not hungry.

You visited 4 branches of the dungeon, and saw 25 of its levels.

You collected 1257 gold pieces.
You spent 93 gold pieces at shops.

Inventory:

Hand Weapons
 v - a +3 short sword of venom (weapon)
Missiles
 G - 13 poisoned needles
Armour
 c - a +1 cloak (worn)
 k - a +2 pair of gloves (worn)
 p - a +1 hat (worn)
 r - the +5 robe of Axkaqe (worn) {rElec rN+ MR+ Str-3}
   (You found it on level 15 of the Dungeon)

   It affects your strength (-3).
   It insulates you from electricity.
   It protects you from negative energy.
   It affects your resistance to hostile enchantments.
 M - a +2 shield
 Z - a +2 pair of boots (worn)
Jewellery
 u - a ring of stealth (left hand)
 A - an uncursed ring of resist corrosion
 L - a ring of protection from fire (right hand)
 T - an amulet of rage (around neck)
Wands
 l - a wand of iceblast (1/15)
 q - a wand of digging (22/24)
 t - a wand of slowing (26/48)
 x - a wand of iceblast (3/15)
 y - a wand of iceblast (5/15)
 H - a wand of paralysis (12/24)
 O - a wand of polymorph (19/24)
 U - a wand of paralysis (19/24)
 V - a wand of acid (4/15)
Scrolls
 b - 2 scrolls of recharging
 e - a scroll of brand weapon {unknown}
 m - 11 scrolls of remove curse
 n - 7 scrolls of teleportation
 w - 4 scrolls of fear {unknown}
 B - 8 scrolls of identify
 D - 3 scrolls of blinking
 E - a scroll of immolation {unknown}
 I - 2 scrolls of enchant armour
 J - a scroll of enchant weapon
 K - 6 scrolls of magic mapping
 R - a scroll of vulnerability {unknown}
Potions
 o - 4 potions of berserk rage
 z - 2 potions of cure mutation
 F - a potion of flight {unknown}
 S - 3 potions of brilliance
 X - a potion of magic
Books
 P - a manual of Long Blades
Comestibles
 d - 2 beef jerkies
 f - 10 meat rations
 g - 8 bread rations
 h - 5 slices of pizza
 j - 2 royal jellies
 s - 8 fruits


   Skills:
 + Level 7.5 Fighting
 + Level 11.9 Short Blades
 - Level 1.7 Throwing
 + Level 4.5 Armour
 + Level 6.5 Dodging
 * Level 21.0 Stealth
 + Level 0.5 Shields


You had 14 spell levels left.
You didn't know any spells.

Dungeon Overview and Level Annotations

Branches:
Dungeon (15/15)            Temple (0/1) D:4            Lair (6/6) D:11
  Swamp (0/4) Lair:3       Spider (2/4) Lair:4        Slime (2/5) Lair:6
    Orc (0/2) D:12         Vaults (0/5) D:14         Depths (0/5) D:15

Altars:
Ashenzari
Cheibriados
Dithmenos
Fedhas
Gozag
Hepliaklqana
Kikubaaqudgha
Nemelex Xobeh
Okawaru
Yredelemnul
The Shining One
Jiyva

Shops:
D:10 *

Portals:
Sewer: D:6

Annotations:
D:10 exclusion: oklob sapling
D:11 exclusion: orange crystal statue
Spider:2 jurikolo's ghost, journeyman MiBe


Innate Abilities, Weirdness & Mutations

You have a pair of small horns on your head.
You have a moderately thin skeletal structure. (Dex +4, Stealth+)
You are significantly more attuned to the shadows.
You are completely covered in sharp spines.
You have sharp toenails.
Your skin changes colour to match your surroundings (Stealth+).
You can translocate small distances at will.
You possess an exceptional clarity of mind.
Your mind is acute. (Int +2)
Your flesh is very cold resistant. (rC++)
Your magical capacity is low. (-10% MP)
You are highly resistant to hostile enchantments. (MR++)
You passively map a small area around you.
You are weak. (Str -2)


Message History

You puncture jurikolo's ghost!
Jurikolo's ghost is heavily damaged.
* * * LOW HITPOINT WARNING * * *
You feel sick.
The jumping spider is struck by your spines.
The jumping spider completely misses you.
The jumping spider bites you but does no damage.
You hit jurikolo's ghost. Your headbutt misses jurikolo's ghost.
Jurikolo's ghost is heavily damaged.
* * * LOW HITPOINT WARNING * * *
You feel sick.
You kill the jumping spider!
Dithmenos accepts your kill. Jurikolo's ghost hits you!
* * * LOW HITPOINT WARNING * * *
You are more poisoned.
It was a potion of beneficial mutation.
You feel a strange attunement to the structure of the dungeons.
You feel fantastic!
You die...

..#....#.##.##....#
.†###.<####.....^##
##..###.# ###....##
#.## ## ##....##
### ##....# ,
##...## ,, ##§§§.#
,, ##§§§§.# ,
#.W@#### * #.§§§§#
##.§§## *#.§###
....,,* .... , ** *
, * * ** ,


You could see jurikolo's ghost.

Vanquished Creatures
  Donald (Spider:1)
  Kirke (Lair:4)
  Gastronok (Lair:2)
  2 azure jellies (Slime:2)
  2 entropy weavers
  Snorg (Lair:3)
  2 great orbs of eyes
  3 vault guards (D:14)
  2 hydras
  3 centaur warriors
  5 catoblepae
  15 death yaks (Lair:6)
  The ghost of cirnu the Cudgeler, a novice DsFi of Gozag (D:10)
  A glowing orange brain (D:15)
  2 unseen horrors
  An unseen horror (shapeshifter) (D:13)
  2 wizards (D:14)
  8 hill giants
  An orc knight (D:15)
  An oklob plant (D:10)
  A wolf spider (shapeshifter) (D:15)
  2 orb spiders
  2 deep elf magi (D:14)
  5 wolf spiders (Spider:1)
  3 necromancers (D:14)
  A manticore (D:13)
  5 ugly things
  An eye of devastation (Slime:2)
  The ghost of Turtleman12345 the Magician, a novice DEFE (D:5)
  3 black mambas
  9 spiny frogs
  A gargoyle (D:11)
  A centaur skeleton (D:14)
  10 komodo dragons
  A rime drake (Lair:6)
  A demonic crawler (Spider:2)
  A kobold demonologist (D:11)
  A polar bear (Lair:3)
  4 trolls
  7 jumping spiders
  A two-headed ogre (shapeshifter) (D:15)
  2 two-headed ogres
  15 slime creatures
  4 hornets
  20 blink frogs
  A dream sheep (shapeshifter) (D:15)
  6 hippogriffs
  A tarantella (shapeshifter) (D:15)
  3 tarantellas
  16 redbacks
  A human (shapeshifter) (D:13)
  3 wyverns
  56 yaks
  2 basilisks
  A hog (Lair:4)
  2 hungry ghosts
  17 humans (D:14)
  A warg (D:15)
  A mottled dragon (D:14)
  6 swamp worms (Lair:3)
  12 water moccasins
  14 porcupines
  6 necrophages
  7 orc warriors
  7 sky beasts
  3 black bears
  2 eyes of draining
  6 ogres
  8 ice beasts
  3 phantoms
  14 centaurs
  14 crocodiles
  16 big kobolds
  16 bullfrogs
  A gnoll sergeant (D:7)
  2 scorpions
  19 killer bees
  10 wights
  3 howler monkeys (D:12)
  6 centaur zombies
  11 crimson imps
  3 bullfrog skeletons
  6 hounds
  8 orc priests
  5 jellies
  15 orc wizards
  6 iguanas
  18 worker ants
  A hound zombie (D:11)
  2 hound skeletons
  5 gnolls (D:7)
  2 river rats (D:11)
  10 adders
  2 shadow imps (D:5)
  An adder skeleton (D:7)
  2 adder zombies
  15 worms
  4 leopard geckos
  42 orcs
  8 ball pythons
  13 bats
  6 giant cockroaches
  7 goblins
  4 hobgoblins
  5 jackals
  4 quokkas
  3 frilled lizards
  A giant cockroach zombie (D:5)
  16 kobolds
  A quokka skeleton (D:4)
  A quokka zombie (D:9)
  18 rats
  A butterfly (D:4)
  3 fungi
  4 plants
696 creatures vanquished.

Vanquished Creatures (others)
  3 humans (Lair:4)
  4 fungi
  5 plants (D:10)
12 creatures vanquished.

Grand Total: 708 creatures vanquished

Notes
Turn   | Place    | Note
-------+----------+-------------------------------------------
     0 | D:1      | Locuples the Demonspawn Assassin began the quest for the Orb.
     0 | D:1      | Reached XP level 1. HP: 16/16 MP: 1/1
   279 | D:1      | Reached skill level 4 in Stealth
   371 | D:1      | Gained mutation: You are slightly more attuned to the shadows. [demonic ancestry]
   371 | D:1      | Reached XP level 2. HP: 18/22 MP: 2/2
  1718 | D:2      | Found a glowing golden altar of the Shining One.
  1904 | D:3      | Gained mutation: You are partially covered in sharp spines. [demonic ancestry]
  1904 | D:3      | Reached XP level 3. HP: 25/27 MP: 3/3
  1932 | D:3      | Found a shadowy altar of Dithmenos.
  1943 | D:3      | Became a worshipper of Dithmenos the Shadowed
  1969 | D:3      | Found an iron altar of Okawaru.
  2102 | D:3      | Reached skill level 5 in Stealth
  2320 | D:3      | Reached XP level 4. HP: 28/33 MP: 4/4
  2364 | D:3      | Found a basalt altar of Yredelemnul.
  2536 | D:4      | Gained mutation: You have a pair of small horns on your head. [demonic ancestry]
  2536 | D:4      | Reached XP level 5. HP: 17/38 MP: 5/5
  2768 | D:4      | Found a shattered altar of Ashenzari.
  2853 | D:5      | Entered Level 5 of the Dungeon
  3108 | D:5      | Gained mutation: You are significantly more attuned to the shadows. [demonic ancestry]
  3108 | D:5      | Reached XP level 6. HP: 31/44 MP: 6/6
  3131 | D:4      | Reached skill level 6 in Stealth
  3165 | D:4      | Found an opulent altar of Gozag.
  3387 | D:4      | Reached * piety under Dithmenos
  3423 | D:4      | Found a staircase to the Ecumenical Temple.
  3550 | D:4      | Reached XP level 7. HP: 48/50 MP: 7/7
  3710 | D:5      | Reached skill level 5 in Short Blades
  3714 | D:5      | Reached skill level 7 in Stealth
  3809 | D:5      | Reached skill level 1 in Dodging
  3948 | D:5      | Noticed Turtleman12345's ghost (novice DEFE)
  3972 | D:5      | Reached XP level 8. HP: 42/56 MP: 8/8
  4473 | D:5      | Reached skill level 1 in Armour
  4473 | D:5      | Reached skill level 8 in Stealth
  4593 | D:5      | Found a snail-covered altar of Cheibriados.
  4607 | D:5      | Reached ** piety under Dithmenos
  4619 | D:5      | Gained mutation: You are robust. (+10% HP) [mutagenic meat]
  4620 | D:5      | Gained mutation: You can translocate small distances at will. [mutagenic meat]
  4624 | D:5      | Gained mutation: Your flesh is cold resistant. (rC+) [mutagenic meat]
  4625 | D:5      | Gained mutation: You are resistant to hostile enchantments. (MR+) [mutagenic meat]
  4626 | D:5      | Gained mutation: You have sharp toenails. [mutagenic meat]
  4778 | D:5      | Found a sparkling altar of Nemelex Xobeh.
  4914 | D:5      | Killed Turtleman12345's ghost
  4914 | D:5      | Reached skill level 9 in Stealth
  5272 | D:6      | Found a glowing drain.
  5350 | D:6      | Found a snail-covered altar of Cheibriados.
  5450 | D:6      | Gained mutation: You have a somewhat thin skeletal structure. (Dex +2, Stealth) [demonic ancestry]
  5450 | D:6      | Reached XP level 9. HP: 68/68 MP: 9/9
  5580 | D:6      | Reached skill level 10 in Stealth
  5637 | D:6      | HP: 3/68 [orc priest/divine providence (14)]
  6029 | D:7      | Reached *** piety under Dithmenos
  6252 | D:7      | Reached skill level 11 in Stealth
  6714 | D:8      | Reached skill level 12 in Stealth
  6714 | D:8      | Gained mutation: You have a moderately thin skeletal structure. (Dex +4, Stealth+) [demonic ancestry]
  6714 | D:8      | Reached XP level 10. HP: 41/74 MP: 10/10
  7315 | D:8      | Found a basalt altar of Yredelemnul.
  7742 | D:8      | Found an ancient bone altar of Kikubaaqudgha.
  8030 | D:9      | Reached skill level 13 in Stealth
  8076 | D:9      | Reached **** piety under Dithmenos
  8428 | D:10     | Entered Level 10 of the Dungeon
  8438 | D:10     | Found Vowaosem's Assorted Antiques.
  8447 | D:10     | Bought a scroll labeled CYMPIA JESEEG for 31 gold pieces
  8447 | D:10     | Bought a scroll labeled JOTHRE MULUPA for 31 gold pieces
  8447 | D:10     | Bought a scroll labeled JOTHRE MULUPA for 31 gold pieces
  8558 | D:10     | Noticed an oklob plant
  8566 | D:10     | Killed an oklob plant
  8626 | D:10     | Noticed cirnu's ghost (novice DsFi)
  9003 | D:10     | Found a blossoming altar of Fedhas.
  9033 | D:10     | Gained mutation: Your flesh is very cold resistant. (rC++) [mutagenic meat]
  9034 | D:10     | Lost mutation: You are robust. (+10% HP) [mutagenic meat]
  9087 | D:10     | Gained mutation: You are highly resistant to hostile enchantments. (MR++) [mutagenic meat]
  9287 | D:10     | Gained mutation: You are mostly covered in sharp spines. [demonic ancestry]
  9287 | D:10     | Reached XP level 11. HP: 75/75 MP: 11/11
  9302 | D:10     | Killed cirnu's ghost
  9331 | D:10     | Killed an unseen horror
  9331 | D:10     | Reached skill level 14 in Stealth
  9474 | D:10     | Noticed a hill giant
  9486 | D:10     | Killed a hill giant
 11076 | D:11     | Reached ***** piety under Dithmenos
 11118 | D:11     | Found a staircase to the Lair.
 11147 | D:11     | Noticed a hill giant
 11159 | D:11     | Killed a hill giant
 11246 | D:11     | Noticed an orange crystal statue
 11254 | D:11     | Identified Borphiano's Reference Book on Earthen Creation
 11518 | D:11     | Noticed a sun demon
 12239 | D:12     | Killed an unseen horror
 12383 | D:12     | Noticed a hill giant
 12394 | D:12     | Killed a hill giant
 12394 | D:12     | Reached skill level 5 in Fighting
 12394 | D:12     | Reached skill level 15 in Stealth
 12402 | D:12     | Found a staircase to the Orcish Mines.
 12422 | D:12     | Noticed a hill giant
 12427 | D:12     | Killed a hill giant
 12427 | D:12     | Gained mutation: You are completely covered in sharp spines. [demonic ancestry]
 12427 | D:12     | Reached XP level 12. HP: 86/86 MP: 12/12
 12827 | D:12     | Gained mutation: Your skin changes colour to match your surroundings (Stealth+). [potion of mutation]
 12846 | D:13     | Noticed a centaur warrior
 12849 | D:13     | Killed a centaur warrior
 13164 | D:13     | Gained mutation: You possess an exceptional clarity of mind. [mutagenic meat]
 13288 | D:13     | Gained mutation: Your magical capacity is low. (-10% MP) [mutagenic meat]
 13506 | D:13     | Reached ****** piety under Dithmenos
 13628 | D:13     | Noticed a catoblepas
 13641 | D:13     | Killed a catoblepas
 13854 | D:13     | Reached skill level 16 in Stealth
 14628 | D:14     | Noticed a catoblepas
 14631 | D:14     | Killed a catoblepas
 14884 | D:14     | Found a gate to the Vaults.
 14884 | D:14     | Noticed a vault guard
 14884 | D:14     | Noticed a vault guard
 14884 | D:14     | Noticed a vault guard
 14887 | D:14     | Killed a vault guard
 14888 | D:14     | Reached XP level 13. HP: 86/93 MP: 11/11
 14892 | D:14     | Reached skill level 10 in Short Blades
 14950 | D:14     | Reached skill level 5 in Dodging
 15332 | D:14     | Reached skill level 17 in Stealth
 15542 | D:14     | Found a hazy altar of Hepliaklqana.
 15953 | D:15     | Entered Level 15 of the Dungeon
 15953 | D:15     | Found a labyrinth entrance.
 16252 | D:15     | Found a snail-covered altar of Cheibriados.
 16418 | D:15     | Got an ominously black robe
 16429 | D:15     | Identified the +5 robe of Axkaqe {rElec rN+ MR+ Str-3} (You found it on level 15 of the Dungeon)
 16751 | D:15     | Found a staircase to the Depths.
 16767 | D:15     | Gained mutation: You are weak. (Str -2) [mutagenic meat]
 16874 | D:15     | Gained mutation: Your mind is acute. (Int +2) [mutagenic meat]
 17607 | Lair:1   | Entered Level 1 of the Lair of Beasts
 17723 | Lair:1   | Reached skill level 18 in Stealth
 19467 | Lair:2   | Reached XP level 14. HP: 101/101 MP: 12/12
 19534 | Lair:2   | Noticed Gastronok
 19541 | Lair:2   | Killed Gastronok
 20613 | Lair:3   | Noticed Snorg
 20618 | Lair:3   | Killed Snorg
 20665 | Lair:3   | Found a staircase to the Swamp.
 21692 | Lair:4   | Found a hole to the Spider Nest.
 21971 | Lair:4   | Noticed Kirke
 21985 | Lair:4   | Killed Kirke
 22250 | Lair:4   | Reached skill level 19 in Stealth
 23815 | Lair:6   | Entered Level 6 of the Lair of Beasts
 23892 | Lair:6   | Found a staircase to the Slime Pits.
 23892 | Lair:6   | Found a viscous altar of Jiyva.
 24436 | Lair:6   | Reached skill level 20 in Stealth
 24436 | Lair:6   | Reached XP level 15. HP: 108/108 MP: 13/13
 25064 | Slime:1  | Entered Level 1 of the Pits of Slime
 25256 | Slime:2  | Noticed an azure jelly
 25266 | Slime:2  | Killed an azure jelly
 25363 | Slime:2  | Noticed an azure jelly
 25385 | Slime:2  | Killed an azure jelly
 25844 | Spider:1 | Entered Level 1 of the Spider Nest
 25878 | Spider:1 | Noticed Donald
 26091 | Spider:1 | Paralysed by a hornet for 1 turns
 26220 | Spider:1 | Killed Donald
 26578 | Spider:2 | Reached skill level 21 in Stealth
 26668 | Spider:2 | Noticed jurikolo's ghost (journeyman MiBe)
 26687 | Spider:2 | HP: 3/108 [jurikolo's ghost (13)]
 26688 | Spider:2 | Gained mutation: You passively map a small area around you. [potion of beneficial mutation]
 26688 | Spider:2 | Succumbed to jurikolo's ghost's poison

Skill      XL: |  1  2  3  4  5  6  7  8  9 10 11 12 13 14 15 |
---------------+----------------------------------------------+-----
Stealth        | 4 5 6 7 9 12 13 15 16 18 20 21 | 21.0
Short Blades   | 2 3 4 5 6 7 8 9 11 | 11.9
Dodging        | 1 2 4 5 6 |  6.5
Armour         | 2 3 4 |  4.5
Fighting       | 3 5 6 7 |  7.5
Throwing       | |  1.7
Shields        | |  0.5

Action                   |  1- 3 |  4- 6 |  7- 9 | 10-12 | 13-15 || total
-------------------------+-------+-------+-------+-------+-------++-------
Melee: Dagger            |    98 |   109 |   181 |       |       ||   388
       Headbutt          |       |     9 |    35 |   157 |   177 ||   378
       Short sword       |       |       |    83 |   623 |   831 ||  1537
 Abil: Blink             |       |       |     1 |     2 |       ||     3
       Evoke Berserk Rag |       |       |       |     5 |     7 ||    12
  Use: Scroll            |     6 |     2 |       |     4 |     8 ||    20
       Potion            |       |     6 |     8 |     5 |    12 ||    31
 Stab: Sleeping          |    14 |    10 |    56 |    75 |   166 ||   321
       Distracted        |       |     1 |     1 |    10 |     6 ||    18
  Eat: Chunk             |     4 |     4 |    15 |    27 |    28 ||    78
       Pizza             |       |       |     1 |       |       ||     1
       Meat ration       |       |       |       |     1 |       ||     1
       Fruit             |       |       |       |     6 |    20 ||    26
       Bread ration      |       |       |       |     1 |     1 ||     2
Armor: Robe              |    33 |     6 |       |       |    99 ||   138
       Skin              |       |    25 |       |       |       ||    25
       Leather armour    |       |     2 |    29 |    58 |     1 ||    90
       Mottled dragon sc |       |       |       |       |    18 ||    18
Dodge: Dodged            |    46 |    33 |    89 |   386 |   310 ||   864
Block: Shield            |       |       |       |    12 |       ||    12
